 Dungeon Crawl Stone Soup version 0.22-a0-377-g846bec1a06 (webtiles) character file.

183 thing2 the Chiller (level 5, 0/32 HPs)
             Began as an Octopode Ice Elementalist on Apr 27, 2018.
             Slain by dricus's ghost (4 damage)
             ... on level 4 of the Dungeon.
             The game lasted 00:04:30 (3136 turns).

thing2 the Chiller (Octopode Ice Elementalist)      Turns: 3136, Time: 00:04:31

Health: 0/32       AC:  1    Str:  7    XL:     5   Next: 62%
Magic:  0/9        EV: 14    Int: 18    God:
Gold:   107        SH:  0    Dex: 13    Spells: 3/9 levels left

rFire    . . .     SeeInvis .   a - +0 short sword
rCold    . . .     Gourm    .   (no shield)
rNeg     . . .     Faith    .   (helmet restricted)
rPois    .         Spirit   .   (no amulet)
rElec    .         Reflect  .   (no ring)
rCorr    .         Harm     .   (no ring)
MR       .....                  (no ring)
Stlth    +++.......             (no ring)
HPRegen  0.10/turn              (no ring)
MPRegen  0.11/turn              (no ring)
                                (no ring)
                                (no ring)

@: hasted, very quick
A: almost no armour, stealthy swim, amphibious, 8 rings, constrict 8, camouflage
1, gelatinous body 1
a: no special abilities


You were on level 4 of the Dungeon.
You were hungry.

You visited 1 branch of the dungeon, and saw 4 of its levels.

You collected 107 gold pieces.

Inventory:

Hand Weapons
 a - a +0 short sword (weapon)
 c - a +1 dagger
Scrolls
 h - a scroll of fog
Potions
 i - a potion of agility
Comestibles
 b - 7 rations
 n - 3 chunks of flesh


   Skills:
 + Level 0.5 Fighting
 + Level 3.0 Dodging
 - Level 2.6 Stealth
 + Level 2.7 Spellcasting
 * Level 1.6 Conjurations
 * Level 1.6 Charms
 + Level 4.4 Ice Magic


You had 3 spell levels left.
You knew the following spells:

 Your Spells              Type           Power        Failure   Level  Hunger
a - Freeze                Ice            ###.         2%          1    #......
b - Throw Frost           Conj/Ice       ##....       8%          2    ##.....
c - Ozocubu's Armour      Chrm/Ice       ##......     14%         3    ###....


Dungeon Overview and Level Annotations

Branches:
Dungeon (4/15)
 Temple: D:4-7

Altars:
Ashenzari
Makhleb

Annotations:
D:3 yrara's ghost, amateur DsGl
D:4 dricus's ghost, amateur DsAK


Innate Abilities, Weirdness & Mutations

You cannot wear most types of armour.
You are very stealthy in the water. (Stealth+)
You are amphibious.
You can wear up to eight rings at the same time.
You can use your tentacles to constrict eight enemies at once.
Your skin changes colour to match your surroundings (Stealth+).
Your rubbery body absorbs attacks. (AC +1, EV +1)


Message History

Casting: Freeze (safe; 2% risk of failure)
Confirm with . or Enter, or press ? or * to list all spells.
Aiming: Freeze (safe; 2% risk of failure)
Press: ? - help, Shift-Dir - straight line, f/p - worker ant
Aim: a worker ant (almost dead)
You freeze the worker ant.
You kill the worker ant!
You hit dricus's ghost but do no damage.
You hit dricus's ghost.
You squeeze dricus's ghost, but do no damage.
Dricus's ghost is lightly damaged.
Dricus's ghost hits you!
You barely miss dricus's ghost.
Dricus's ghost is lightly damaged.
Dricus's ghost hits you.
* * * LOW HITPOINT WARNING * * *
You hit dricus's ghost but do no damage.
Dricus's ghost is lightly damaged.
Dricus's ghost hits you.
You die...

###############
#........W@...# #
#.###########.#
.## #.# ...#.#
#####.#W#########
.#..............#
.#.##.#..[.......
.#..!....######.#
....>.#.##


You could see dricus's ghost.

Vanquished Creatures
  2 worker ants (D:4)
  7 adders
  2 oozes (D:2)
  2 worms (D:2)
  2 dart slugs
  3 leopard geckos
  An orc (D:3)
  7 bats
  A giant cockroach (D:2)
  2 goblins (D:1)
  6 hobgoblins
  2 jackals (D:3)
  5 quokkas (D:2)
  A frilled lizard (D:3)
  7 kobolds
  6 rats
56 creatures vanquished.

Notes
Turn   | Place    | Note
-------+----------+-------------------------------------------
     0 | D:1      | thing2 the Octopode Ice Elementalist began the quest for the Orb.
     0 | D:1      | Reached XP level 1. HP: 11/11 MP: 3/3
   208 | D:1      | Reached XP level 2. HP: 17/17 MP: 5/5
   215 | D:1      | Learned a level 2 spell: Throw Frost
   792 | D:2      | Reached XP level 3. HP: 8/21 MP: 4/6
   797 | D:2      | Learned a level 3 spell: Ozocubu's Armour
  1102 | D:2      | Found a burning altar of Makhleb.
  1309 | D:2      | Reached skill level 4 in Ice Magic
  1309 | D:2      | Reached XP level 4. HP: 27/27 MP: 3/7
  1321 | D:2      | Reached skill level 1 in Charms
  1569 | D:2      | Found a shattered altar of Ashenzari.
  2047 | D:2      | Found a faded altar of an unknown god.
  2255 | D:2      | Reached XP level 5. HP: 21/31 MP: 8/8
  2618 | D:3      | Noticed yrara's ghost (amateur DsGl)
  3039 | D:4      | Noticed dricus's ghost (amateur DsAK)
  3136 | D:4      | Slain by dricus's ghost

Vault maps used:
D:1:      minmay_arrival_checkered_box
D:2:      marbit_many_paths, nicolae_overflow_hidden_temple,
          chequers_ecumenical_altar_simple_redux, grunt_ministairs_1,
          roderic_serpentine_path
D:3:      first_ration
D:4:      vehumet_altar_wand_db, gup_sewer_entry_pipe

Skill      XL: |  1  2  3  4  5 |
---------------+----------------+-----
Ice Magic      | 4 |  4.4
Charms         | 1 |  1.6
Dodging        | 3 |  3.0
Fighting       | |  0.5
Stealth        | |  2.6
Spellcasting   | |  2.7
Conjurations   | |  1.6

Action                   |  1- 3 |  4- 6 || total
-------------------------+-------+-------++-------
Melee: Dagger            |    57 |    65 ||   122
       Unarmed           |     3 |       ||     3
       Constrict         |    13 |    21 ||    34
       Tentacles         |     6 |    17 ||    23
       Short sword       |       |     7 ||     7
 Cast: Freeze            |     5 |    20 ||    25
       Throw Frost       |     2 |     3 ||     5
       Ozocubu's Armour  |       |     3 ||     3
  Use: Scroll            |       |     9 ||     9
       Potion            |       |     4 ||     4
 Stab: Sleeping          |     8 |     4 ||    12
  Eat: Chunk             |     1 |     6 ||     7
Armor: Skin              |     5 |    19 ||    24
Dodge: Dodged            |    32 |    75 ||   107

Table legend:
 A = Spawn XP
 B = Non-spawn XP
 C = Spawn XP percentage of total XP
 D = Spawn monster count
 E = Non-spawn monster count
 F = Spawn count percentage of total count
 G = Total turns spent on level
                    A         B        C        D         E        F      G
               +---------+---------+-------+---------+---------+-------+---------
         Total |       0 |     262 |   0.0 |       0 |      56 |   0.0 |  3136
               +---------+---------+-------+---------+---------+-------+---------
           D:1 |       0 |      21 |   0.0 |       0 |      13 |   0.0 |   778
           D:2 |       0 |     147 |   0.0 |       0 |      33 |   0.0 |  2091
           D:3 |       0 |      11 |   0.0 |       0 |       6 |   0.0 |   145
           D:4 |       0 |      83 |   0.0 |       0 |       4 |   0.0 |   122
               +---------+---------+-------+---------+---------+-------+---------
